 Dungeon Crawl Stone Soup version 0.15-a0-1284-g8540c5e (webtiles) character file.

72 zercules the Slasher (level 4, 0/37 HPs)
             Began as a Minotaur Gladiator on June 6, 2014.
             Slain by an adder (5 damage)
             ... on Level 2 of the Dungeon.
             The game lasted 00:08:10 (1137 turns).

zercules the Slasher (Minotaur Gladiator)           Turns: 1137, Time: 00:08:10

HP   0/37        AC  3     Str 21      XL: 4   Next:  7%
MP   2/2         EV 12     Int  5      God:
Gold 109         SH  0     Dex 10      Spells:  0 memorised,  3 levels left

rFire  . . .     SeeInvis .     a - +0 long sword
rCold  . . .     Clarity  .     b - +0 leather armour
rNeg   . . .     rCorr    .     (no shield)
rPois  .         rRot     .     c - +0 hat
rElec  .         Spirit   .     (no cloak)
SustAb .         Warding  .     (no gloves)
rMut   .         Stasis   .     (no boots)
Gourm  .                        (no amulet)
MR     .....                    (no ring)
                                (no ring)

@: not resistant to hostile enchantments, very unstealthy
A: retaliatory headbutt, horns 2
a: no special abilities


You were on level 2 of the Dungeon.
You were full.

You visited 1 branch of the dungeon, and saw 2 of its levels.

You collected 109 gold pieces.

Inventory:

Hand weapons
 a - a +0,+0 long sword (weapon)
Missiles
 d - a throwing net (quivered)
Armour
 b - a +0 leather armour (worn)
 c - a +0 hat (worn)
 t - a +0 leather armour
Comestibles
 f - a bread ration
 i - a royal jelly
 k - a slice of pizza
Scrolls
 e - a scroll of remove curse {unknown}
 m - a scroll of enchant weapon II {unknown}
 p - a scroll of noise {unknown}
 r - a scroll of fog {unknown}
Jewellery
 l - a cursed -3 ring of protection {unknown}
Potions
 g - a potion of heal wounds {unknown}
 h - a potion of restore abilities {unknown}
 n - a potion of curing
 o - a potion of magic {unknown}
 s - 2 potions of might {unknown}


   Skills:
 - Level 2.4 Fighting
 + Level 6.0 Long Blades
 - Level 2.0 Throwing
 - Level 3.2 Dodging


You had 3 spell levels left.
You didn't know any spells.

Dungeon Overview and Level Annotations

Branches:
Dungeon (2/15)

Altars:


Innate Abilities, Weirdness & Mutations

You reflexively headbutt those who attack you in melee.
You have a pair of horns on your head.


Message History

* * * LOW HITPOINT WARNING * * *
The adder bites you but does no damage.
You miss the adder.
The adder is moderately wounded.
The adder closely misses you.
You closely miss the adder.
The adder is moderately wounded.
The adder barely misses you.
You closely miss the adder. Your headbutt misses the adder.
The adder is moderately wounded.
The adder closely misses you. The adder bites you but does no damage.
You hit the adder but do no damage.
The adder is moderately wounded.
The adder bites you but does no damage.
You hit the adder but do no damage. Your headbutt misses the adder.
The adder is moderately wounded.
The adder bites you.
* * * LOW HITPOINT WARNING * * *
The adder bites you.
You die...

.# # ...... ### .#.#
#..... .... ##.#
#....## #....# ...#
##(....###.....# .###
#..##..........# %(.#
#####.....###)...#.#
...##.
###.....?......%.....#
.......
........S..####.######
.###### #..##...@..#
#.# .#######..
#....(.# #.#
..............######
#.# ##...##.###### #.#
##...#..## #.#
.#...#...# #.#
.#.......# #.#
...###...# #.# ..##
##### ######.#


You could see an adder (inner flame).

Vanquished Creatures
  2 adders (D:2)
  A giant mite (D:2)
  3 worms
  2 giant geckos
  2 giant cockroaches
  6 goblins
  4 hobgoblins (D:1)
  4 bats
  A giant newt (D:1)
  3 kobolds
  4 rats
32 creatures vanquished.

Notes
Turn   | Place    | Note
--------------------------------------------------------------
     0 | D:1      | zercules, the Minotaur Gladiator, began the quest for the Orb.
     0 | D:1      | Reached XP level 1. HP: 18/18 MP: 1/1
   150 | D:1      | Reached skill level 4 in Long Blades
   210 | D:1      | Reached XP level 2. HP: 18/25 MP: 1/1
   318 | D:1      | Huge Dmg: 6 dmg
   335 | D:1      | Huge Dmg: 10 dmg
   729 | D:1      | Reached skill level 5 in Long Blades
   816 | D:2      | Reached XP level 3. HP: 24/30 MP: 2/2
   974 | D:2      | Huge Dmg: 7 dmg
  1121 | D:2      | Huge Dmg: 4 dmg
  1121 | D:2      | Reached skill level 6 in Long Blades
  1121 | D:2      | Reached XP level 4. HP: 14/37 MP: 2/2
  1131 | D:2      | Huge Dmg: 3 dmg
  1132 | D:2      | Huge Dmg: 1 dmg
  1137 | D:2      | Slain by an adder

Action                   |  1- 3 |  4- 6 || total
-------------------------+-------+-------++-------
Melee: Long sword        |    85 |     8 ||    93
Throw: Throwing net      |       |     2 ||     2
  Use: Potion            |     1 |     1 ||     2
       Scroll            |       |     1 ||     1
